 Dungeon Crawl Stone Soup version 0.30-a0-622-gddc90eaa04 (webtiles) character file.

Game seed: 11680638728002175206

153 Monkooky the Shooter (level 4, 0/36 HPs)
             Began as a Demigod Hunter on Jan 10, 2023.
             Slain by a kobold
             ... wielding a +0 dagger
              (3 damage)
             ... on level 3 of the Dungeon.
             The game lasted 00:05:13 (2434 turns).

Monkooky the Shooter (Demigod Hunter)               Turns: 2434, Time: 00:05:14

Health: 0/36       AC:  5    Str: 12    XL:     4   Next: 88%
Magic:  1/8        EV: 12    Int: 15    God:
Gold:   122        SH:  0    Dex: 17    Spells: 0/5 levels left

rFire   . . .      SeeInvis .    a - +0 shortbow
rCold   . . .      Faith    .    (shield currently unavailable)
rNeg    . . .      Spirit   .    c - +0 leather armour
rPois   .          Reflect  .    (no helmet)
rElec   .          Harm     .    e - +0 cloak
rCorr   .          Rampage  .    (no gloves)
Will    .....                    h - +0 pair of boots
Stlth   ++                       (no amulet)
HPRegen 0.26/turn                (no ring)
MPRegen 0.11/turn                (no ring)

@: very slightly contaminated
A: high MP 1, forlorn, divine attributes
a: no special abilities


You were on level 3 of the Dungeon.
You visited 1 branch of the dungeon, and saw 3 of its levels.

You collected 122 gold pieces.

Inventory:

Hand Weapons
 a - a +0 shortbow (weapon)
Armour
 c - a +0 leather armour (worn)
 e - a +0 cloak (worn)
 h - a +0 pair of boots (worn)
Scrolls
 b - a scroll of immolation
 f - a scroll of vulnerability
 g - a scroll of poison
 i - a scroll of teleportation
 k - a scroll of magic mapping {unknown}
 l - 2 scrolls of amnesia {unknown}
Potions
 d - a potion of mutation {unknown}
 j - 3 potions of curing
 m - a potion of might {unknown}
 n - a potion of berserk rage {unknown}
 o - a potion of heal wounds {unknown}
 p - a potion of cancellation {unknown}
 q - 2 potions of attraction {unknown}


   Skills:
 - Level 1.7 Fighting
 - Level 4.7 Ranged Weapons
 - Level 1.7 Dodging
 - Level 0.8 Stealth
 - Level 1.2 Spellcasting
 + Level 0.9 Conjurations
 + Level 1.5 Air Magic
 + Level 1.5 Poison Magic


You couldn't memorise any spells.
You knew the following spells:

 Your Spells              Type           Power      Damage    Failure   Level
a - Poisonous Vapours     Pois/Air       10%        N/A       24%         2
b - Mephitic Cloud        Conj/Pois/Air  5%         N/A       45%         3

Your spell library contained the following spells:

 Spells                   Type           Power      Damage    Failure   Level
 Sandblast                Erth           0%         2d4       30%         1
 Cigotuvi's Dreadful Rot  Necr/Pois/Air  8%         N/A       30%         2
 Momentum Strike          Conj/Tloc      4%         3d8       36%         2
 Blink                    Tloc           0%         N/A       43%         2
 Passwall                 Tmut/Erth      0%         N/A       43%         2
 Stone Arrow              Conj/Erth      4%         3d7       58%         3
 Lesser Beckoning         Tloc           0%         N/A       67%         3
 Passage of Golubria      Tloc           0%         N/A       97%         4
 Silence                  Hex/Air        1%         N/A       99%         5
 Lehudib's Crystal Spear  Conj/Erth      1%         10d2      100%        8


Dungeon Overview and Level Annotations

Branches:
Dungeon (3/15)

Annotations:
D:3 exclusion: water moccasin


Innate Abilities, Weirdness & Mutations

You have an increased reservoir of magic. (+10% MP)
You shall have no god before yourself.
Your divine heritage dramatically boosts your attributes as you level up.


Message History

Confirm with . or Enter, or press ? or * to list all spells.
Aiming: Poisonous Vapours (dangerous; 24% risk of failure)
Press: ? - help, Dir - move target, f/p - goblin
Aim: a goblin, wielding a +0 club Poisonous vapours surround the goblin!
The goblin is poisoned.
The goblin hits you with a +0 club. The kobold barely misses you.
Fire: a) +0 shortbow
Press: ? - help, Q - select action, (/) - cycle Shift-Dir - straight line, f/p - goblin
Aim: a goblin, wielding a +0 club (poisoned, 55% to hit)
You shoot an arrow. The arrow hits the goblin!
You kill the goblin!
The kobold hits you but does no damage.
Fire: a) +0 shortbow
Press: ? - help, Q - select action, (/) - cycle Shift-Dir - straight line, f - kobold
Aim: a kobold, wielding a +0 dagger (55% to hit)
You shoot an arrow. The arrow misses the kobold.
The arrow barely misses the goblin.
The kobold closely misses you. The kobold hits you but does no damage.
Fire: a) +0 shortbow
Press: ? - help, Q - select action, (/) - cycle Shift-Dir - straight line, f/p - kobold
Aim: a kobold, wielding a +0 dagger (55% to hit)
You shoot an arrow. The arrow barely misses the kobold.
The arrow barely misses the goblin.
You hear a shout!
A gnoll comes into view. It is wielding a +0 spear.
The kobold misses you.
A gnoll comes into view. It is wielding a +0 whip.
Casting: Poisonous Vapours (dangerous; 24% risk of failure)
Confirm with . or Enter, or press ? or * to list all spells.
The spell is quite dangerous to miscast (45% risk of failure)!
Continue anyway?
Aiming: Mephitic Cloud (quite dangerous; 45% risk of failure)
Press: ? - help, Shift-Dir - straight line, f/p - kobold
Aim: a kobold, wielding a +0 dagger (chance to affect: 96%) That beam is likely to hit you.
Continue anyway?
You miscast Mephitic Cloud.
You are very lightly contaminated with residual magic.
The air around you crackles with energy!
* * * LOW HITPOINT WARNING * * *
The kobold hits you with a +0 dagger.
You die...

..............##.##..........####
.................................
.................................
.~.~....)~~)~~~~~~.~..~~..~~~...~
~≈~~~.....~~~~~≈~~~≈~≈~~~~~~~~~~~
≈≈≈≈~...)~≈~~≈≈≈≈~≈~≈≈≈≈≈≈≈≈~≈≈~≈
≈≈~~....))≈~≈≈≈≈≈≈≈≈~≈≈≈≈≈≈≈≈≈≈≈#
######)÷#########################
....#....#......@#......... .#
....#....#......)Kgg..g.... .#
#####....#########g........ ..#
...#......#..........##### ...
...'..)...'..........# .)).
...#......#.........g########....
#####....#########........gg....#
....#....# +..........$...#
....#....# #..............#


You could see 2 gnolls, 3 goblins and a kobold.

Vanquished Creatures
  2 gnolls (D:3)
  3 adders (D:2)
  3 worms
  An orc (D:3)
  4 endoplasms
  4 giant cockroaches
  20 hobgoblins
  3 quokkas
  3 ball pythons
  4 bats
  5 frilled lizards
  23 goblins
  5 kobolds
  10 rats
90 creatures vanquished.

Notes
Turn   | Place    | Note
-------+----------+-------------------------------------------
     0 | D:1      | Monkooky the Demigod Hunter began the quest for the Orb.
     0 | D:1      | Reached XP level 1. HP: 17/17 MP: 3/3
   123 | D:1      | Reached skill level 4 in Ranged Weapons
   128 | D:1      | Reached XP level 2. HP: 24/24 MP: 4/4
   659 | D:2      | Reached XP level 3. HP: 28/29 MP: 5/5
   662 | D:2      | Learned a level 2 spell: Poisonous Vapours
   953 | D:2      | Reached skill level 1 in Spellcasting
  1551 | D:3      | Reached XP level 4. HP: 27/36 MP: 8/8
  1559 | D:3      | Learned a level 3 spell: Mephitic Cloud
  1760 | D:3      | Noticed a water moccasin
  2003 | D:3      | Reached skill level 1 in Air Magic
  2009 | D:3      | Reached skill level 1 in Poison Magic
  2434 | D:3      | Slain by a kobold

Illustrated notes

Levels and vault maps discovered:
D:1:      doesnt_arrival_eight_statues, layout_basic,
          shapermc_ecumenical_altar_gd
D:2:      layout_basic, st_stairs_10
D:3:      minmay_goblin_kobold_castle, layout_basic, lemuel_crystal_altar

Skill      XL: |  1  2  3  4 |
---------------+-------------+-----
Ranged Weapons | 4 |  4.7
Spellcasting   | 1 |  1.2
Air Magic      | 1 |  1.5
Poison Magic   | 1 |  1.5
Fighting       | |  1.7
Dodging        | |  1.7
Stealth        | |  0.8
Conjurations   | |  0.9

Action                   |  1- 3 |  4- 6 || total
-------------------------+-------+-------++-------
 Fire: Shortbow          |   120 |    93 ||   213
 Cast: Poisonous Vapours |     2 |     3 ||     5
       Mephitic Cloud    |       |     2 ||     2
  Use: Scroll            |     3 |       ||     3
       Potion            |       |     2 ||     2
Armor: Leather armour    |    13 |    19 ||    32
Dodge: Dodged            |    31 |    69 ||   100

Table legend: (Time is in decaauts)
 A = Elapsed time spent in this place.
 B = Non-inter-level travel time spent in this place.
 C = Inter-level travel time spent in this place.
 D = Time resting spent in this place.
 E = Time spent auto-exploring this place.
 F = Levels seen in this place.
 G = Mean time per level.
                   A        B        C        D        E       F      G
               +--------+--------+--------+--------+--------+-----+--------+
         Total |   2503 |   2474 |     29 |    180 |   1859 |   3 |  834.3 |
       Dungeon |   2503 |   2474 |     29 |    180 |   1859 |   3 |  834.3 |
               +--------+--------+--------+--------+--------+-----+--------+

Top non-repeatable levels by time:
     D:3: 1067 daAuts
     D:2: 863 daAuts
     D:1: 572 daAuts
